 Dungeon Crawl Stone Soup version 0.17-a0-1914-gde4187c (webtiles) character file.

39298 4thArraOfDagon the Bludgeoner (level 14, -5/84 HPs)
             Began as a Gargoyle Berserker on Sept 26, 2015.
             Was a High Priest of Trog.
             Killed from afar by a deep elf annihilator (77 damage)
             ... with a crystal spear
             ... on level 3 of the Elven Halls.
             The game lasted 00:35:31 (6148 turns).

4thArraOfDagon the Bludgeoner (Gargoyle Berserker)  Turns: 6148, Time: 00:35:31

Health: -5/84      AC: 35    Str: 23    XL:     14   Next: 5%
Magic:  18/18      EV:  8    Int: 14    God:    Trog [*****.]
Gold:   973        SH:  0    Dex:  9    Spells: 0 memorised, 13 levels left

rFire  + . .     SeeInvis +     h - +3 great mace (crush)
rCold  . . .     Clarity  .     V - +0 plate armour
rNeg   + + .     SustAt   .     (no shield)
rPois  ∞         Gourm    .     s - +0 helmet "Rofaiss" {+Fly rPois rN+}
rElec  +         Spirit   .     W - +2 cloak {MR+}
rCorr  .         Warding  .     G - +1 pair of gloves
rMut   .         Stasis   .     g - +0 pair of boots
MR     ++...                    B - amulet of faith
Stlth  ..........               u - ring of protection from fire
                                y - +3 ring of strength

@: very resistant to hostile enchantments, extremely unstealthy
A: big wings, see invisible, breathe flames 1, negative energy resistance 1,
electricity resistance, unbreathing, petrification resistance, rot immunity, AC
+9
a: Fly, Burn Spellbooks, Berserk, Trog's Hand, Brothers in Arms, Renounce
Religion, Breathe Fire, Evoke Flight


You were on level 3 of the Elven Halls.
You worshipped Trog.
Trog was extremely pleased with you.
You were not hungry.

You visited 3 branches of the dungeon, and saw 18 of its levels.

You collected 1311 gold pieces.
You spent 338 gold pieces at shops.

Inventory:

Hand weapons
 h - a +3 great mace of crushing (weapon)
 j - a +0 morningstar
 C - a +2 flail of protection
 P - a cursed -2 flail
Missiles
 M - 7 curare-tipped needles
Armour
 g - a +0 pair of boots (worn)
 s - the +0 helmet "Rofaiss" (worn) {+Fly rPois rN+}
   (You took it off Robin on level 4 of the Dungeon)

   It protects you from poison.
   It protects you from negative energy.
   It lets you fly.
 v - the +3 ring mail of a bailey {rF- Int+7 SInv Stlth+}
   (You found it on level 4 of the Dungeon)

   It affects your intelligence (+7).
   It makes you vulnerable to fire.
   It lets you see invisible.
   It makes you more stealthy.
 G - a +1 pair of gloves (worn)
 T - a troll hide
 V - a +0 plate armour (worn)
 W - a +2 cloak of magic resistance (worn)
Magical staves
 J - an uncursed staff of poison {unknown}
Jewellery
 m - the ring of Xapsa {SustAt rPois Int+10 Slay-3 Stlth-}
   (You took it off a deep elf high priest on level 3 of the Elven Halls)

   [ring of sustain attributes]

   It sustains your strength, intelligence and dexterity.
   It affects your intelligence (+10).
   It affects your accuracy and damage with ranged weapons and melee attacks
   (-3).
   It protects you from poison.
   It makes you less stealthy.
 p - an uncursed amulet of regeneration {unknown}
 q - an uncursed ring of flight
 u - a ring of protection from fire (right hand)
 y - a +3 ring of strength (left hand)
 B - an amulet of faith (around neck)
 S - an uncursed ring of see invisible
Magical devices
 a - a wand of polymorph (19)
 b - a wand of confusion (22)
 r - a wand of frost (14)
 t - a wand of fire (7)
 w - a wand of enslavement (7)
 D - a wand of cold (0)
 E - a wand of paralysis (6)
 I - a wand of enslavement (2)
 K - a wand of lightning (4)
 N - a wand of slowing (14)
 Y - a wand of flame (22)
 Z - a wand of slowing (23)
Scrolls
 e - 2 scrolls of recharging
 f - 2 scrolls of blinking
 i - 3 scrolls of remove curse
Potions
 k - 2 potions of might
 n - 4 potions of heal wounds
 o - a potion of invisibility {unknown}
 A - 2 potions of curing
 H - 3 potions of brilliance {unknown}
 L - 2 potions of cancellation
 R - a potion of agility
 U - a potion of poison {unknown}
Books
 x - a Young Poisoner's Handbook

   Spells                             Type                      Level
   a - Sting                          Conjuration/Poison           1
   b - Cure Poison                    Poison                       2
   c - Mephitic Cloud                 Conjuration/Poison/Air       3
   d - Olgreb's Toxic Radiance        Poison                       4
   e - Venom Bolt                     Conjuration/Poison           5
   Trog disapproves of the use of such an item.
Comestibles
 c - 3 bread rations
 d - 3 meat rations
 l - 8 chunks of flesh


   Skills:
 - Level 8.0 Fighting
 * Level 17.3 Maces & Flails
 + Level 13.6 Armour
 - Level 1.5 Dodging
 - Level 5.5 Evocations


You had 13 spell levels left.
You didn't know any spells.

Dungeon Overview and Level Annotations

Branches:
Dungeon (11/15)            Temple (0/1) D:4            Lair (0/8) D:11
    Orc (4/4) D:11            Elf (3/3) Orc:3

Altars:
Ashenzari
Nemelex Xobeh
Trog
Beogh

Shops:
D:4 [   D:8 (((!   D:9 [   Orc:4 (*:[   Elf:3 }

Annotations:
D:4 exclusion: oklob sapling
D:5 Dowan


Innate Abilities, Weirdness & Mutations

You are resistant to torment.
Your stone body is resilient (AC +9).
You are immune to poison.
Your large and strong wings let you fly indefinitely.
You resist negative energy.
You are resistant to electric shocks.
You can survive without breathing.
You are immune to petrification.
You are immune to rotting.
You have supernaturally acute eyesight.
You can breathe flames.


Message History

The deep elf demonologist hits you but does no damage.
You bludgeon the deep elf demonologist!!
You kill the deep elf demonologist!
Trog accepts your kill.
Trog appreciates your killing of a magic user.
The blue devil disappears in a puff of smoke!
No target in view!
No target in view!
A deep elf annihilator comes into view. It is wielding a long sword of slicing.
The deep elf annihilator shouts!
The deep elf annihilator casts a spell at you.
The bolt of lightning hits you! You resist. The bolt of lightning hits you!
You resist.
There is an open door, spattered with blood here.
Items here: ))))) = [ † Unknown command.
The deep elf annihilator gestures at you while chanting.
The crystal spear hits you!
Ouch! That really hurt!
You die...

......#..........##≈≈≈##..#
#####.............######..#######
##.............#####.........
+.............+......####### ...#
#.).).........######'##### ##.#
#.............#....[.....#
#.........................+
##........................#
##.).....§@)e)...........#
#'######)###)...........# #.# #)#
#............# #.# #.#
#)...........# ### ###
##.########### #.......#
#.........# #.......4e....#
#.............#


You could see a deep elf annihilator.

Vanquished Creatures
  An orc warlord (Orc:4)
  4 deep elf sorcerers (Elf:3)
  4 deep elf demonologists (Elf:3)
  3 deep elf annihilators (Elf:3)
  A deep elf death mage (Elf:1)
  A deep elf high priest (Elf:3)
  Erica (D:9)
  2 hydras
  Erolcha (Orc:1)
  An orc high priest (Orc:4)
  2 deep elf knights
  An unseen horror (D:11)
  2 deep elf summoners
  4 deep elf conjurers
  2 orc sorcerers
  3 orc knights (Orc:4)
  A cyclops (D:9)
  An eye of devastation (shapeshifter) (Elf:3)
  Maurice (Orc:1)
  A deep elf priest (Elf:1)
  A two-headed ogre (Orc:4)
  4 trolls
  5 deep elf magi
  A trapdoor spider (D:11)
  Eustachio (D:4)
  3 wolves (D:11)
  A hippogriff (D:9)
  6 deep elf fighters
  2 wargs (Orc:4)
  Menkaure (D:6)
  Edmund (D:5)
  A soldier ant (D:10)
  17 orc warriors
  2 black bears
  3 ice beasts
  2 necrophages
  5 ogres
  2 phantoms
  A giant frog (D:8)
  3 centaurs
  A big kobold (D:11)
  3 scorpions
  A wyvern skeleton (D:9)
  A water moccasin skeleton (D:8)
  4 wights (D:10)
  3 electric eels (D:11)
  3 crimson imps
  A giant frog zombie (D:11)
  A jelly (D:10)
  A quasit (D:9)
  8 hounds
  14 orc priests
  21 orc wizards
  2 centaur skeletons
  5 giant frog skeletons
  7 worker ants
  Terence (D:3)
  4 iguanas
  A hound skeleton (D:8)
  2 worker ant zombies
  Robin (D:4)
  8 adders
  10 gnolls
  3 shadow imps
  An ooze (D:6)
  2 worms
  4 giant geckos
  104 orcs
  5 giant cockroaches
  7 goblins
  6 hobgoblins
  3 jackals (D:6)
  4 kobolds (D:11)
  4 bats
  3 giant newts
  A quokka (D:3)
  2 rats (D:2)
  2 crawling corpses (Elf:3)
353 creatures vanquished.

Vanquished Creatures (collateral kills)
  Nikola (Elf:1)
  2 deep elf blademasters (Elf:3)
  A deep elf sorcerer (Elf:3)
  2 deep elf knights (Elf:1)
  A deep elf summoner (Elf:3)
  An orc sorcerer (Orc:4)
  A deep elf priest (Elf:1)
  A deep elf fighter (Elf:1)
  An orc warrior (Orc:4)
  2 orc priests (Orc:4)
  An orc wizard (Orc:4)
  An orc (Orc:4)
15 creatures vanquished.

Vanquished Creatures (others)
  A deep elf demonologist (Elf:1)
  2 deep elf magi
3 creatures vanquished.

Grand Total: 371 creatures vanquished

Notes
Turn   | Place    | Note
--------------------------------------------------------------
     0 | D:1      | 4thArraOfDagon the Gargoyle Berserker began the quest for the Orb.
     0 | D:1      | Reached XP level 1. HP: 14/14 MP: 1/1
   144 | D:2      | Reached XP level 2. HP: 19/19 MP: 2/2
   150 | D:2      | Reached XP level 3. HP: 23/23 MP: 3/3
   250 | D:3      | Reached skill level 4 in Maces & Flails
   328 | D:4      | Reached XP level 4. HP: 29/29 MP: 4/4
   440 | D:3      | Noticed Terence
   448 | D:3      | Acquired Trog's second power
   463 | D:3      | Killed Terence
   463 | D:3      | Reached XP level 5. HP: 11/33 MP: 5/5
   560 | D:3      | Reached skill level 5 in Maces & Flails
   619 | D:4      | Noticed a phantom
   654 | D:4      | Killed a phantom
   654 | D:4      | Reached XP level 6. HP: 29/39 MP: 6/6
   688 | D:4      | Found a staircase to the Ecumenical Temple.
   776 | D:4      | Reached skill level 6 in Maces & Flails
   823 | D:4      | Noticed Robin
   832 | D:4      | Killed Robin
   832 | D:4      | Reached XP level 7. HP: 44/44 MP: 7/7
   836 | D:4      | Noticed a scorpion
   846 | D:4      | Killed a scorpion
   877 | D:4      | Found Amolep's Armour Emporium.
   886 | D:4      | Got a scorched helmet
   892 | D:4      | Identified the +0 helmet "Rofaiss" {+Fly rPois rN+} (You took it off Robin on level 4 of the Dungeon)
   915 | D:4      | Noticed Eustachio
   935 | D:4      | Killed Eustachio
   935 | D:4      | Reached skill level 5 in Fighting
  1014 | D:4      | Got an ancient ring mail
  1027 | D:4      | Identified the +3 ring mail of a bailey {rF- Int+7 SInv Stlth+} (You found it on level 4 of the Dungeon)
  1053 | D:5      | Entered Level 5 of the Dungeon
  1151 | D:5      | Noticed Dowan
  1267 | D:6      | Reached skill level 7 in Maces & Flails
  1267 | D:6      | Reached skill level 5 in Armour
  1349 | D:6      | Found a shattered altar of Ashenzari.
  1369 | D:6      | Reached XP level 8. HP: 50/50 MP: 8/8
  1426 | D:5      | Noticed Edmund
  1449 | D:5      | Killed Edmund
  1561 | D:6      | Noticed Menkaure
  1571 | D:6      | Killed Menkaure
  1571 | D:6      | Reached skill level 8 in Maces & Flails
  1664 | D:7      | Noticed a six-headed hydra
  1700 | D:7      | Killed a six-headed hydra
  1700 | D:7      | Reached skill level 9 in Maces & Flails
  1700 | D:7      | Reached XP level 9. HP: 40/56 MP: 8/10
  1731 | D:7      | Found a bloodstained altar of Trog.
  1949 | D:10     | Entered Level 10 of the Dungeon
  1977 | D:10     | Noticed a centaur skeleton
  1995 | D:10     | Killed a centaur skeleton
  2008 | D:11     | Noticed a five-headed hydra
  2015 | D:11     | Killed a five-headed hydra
  2021 | D:11     | Reached skill level 10 in Maces & Flails
  2049 | D:11     | Reached XP level 10. HP: 27/63 MP: 12/12
  2169 | D:9      | Noticed a komodo dragon
  2170 | D:9      | Noticed an unseen horror
  2173 | D:9      | Noticed a cyclops
  2173 | D:9      | Noticed a skeletal warrior
  2197 | D:9      | Noticed a cyclops
  2207 | D:9      | Killed a cyclops
  2242 | D:8      | Acquired Trog's third power
  2288 | D:9      | Found a sparkling altar of Nemelex Xobeh.
  2367 | D:8      | Found Gyur's Weapon Emporium.
  2381 | D:8      | Found Jeteig's Distillery.
  2384 | D:8      | Bought a potion of heal wounds for 70 gold pieces
  2384 | D:8      | Bought a potion of heal wounds for 70 gold pieces
  2384 | D:8      | Bought a potion of agility for 56 gold pieces
  2493 | D:8      | Found Kuleon's Weapon Emporium.
  2541 | D:8      | Found Joon's Weapon Boutique.
  2642 | D:9      | Found Daradiz's Armour Emporium.
  2834 | D:9      | Noticed Erica
  2849 | D:9      | Killed Erica
  2849 | D:9      | Reached skill level 11 in Maces & Flails
  3026 | D:9      | You fall through a shaft!
  3248 | D:11     | Noticed an unseen horror
  3269 | D:11     | Killed an unseen horror
  3269 | D:11     | Reached skill level 5 in Evocations
  3269 | D:11     | Reached XP level 11. HP: 47/68 MP: 14/14
  3417 | D:11     | Reached skill level 12 in Maces & Flails
  3481 | D:11     | Found a staircase to the Lair.
  3590 | D:11     | Found a staircase to the Orcish Mines.
  3602 | Orc:1    | Entered Level 1 of the Orcish Mines
  3652 | Orc:1    | Received a gift from Trog
  3736 | Orc:1    | Noticed Maurice
  3747 | Orc:1    | Killed Maurice
  3818 | Orc:1    | Noticed Erolcha
  3829 | Orc:1    | Killed Erolcha
  3994 | Orc:3    | Found a staircase to the Elven Halls.
  4032 | Orc:4    | Entered Level 4 of the Orcish Mines
  4243 | Orc:4    | Reached skill level 10 in Armour
  4295 | Orc:4    | Reached skill level 13 in Maces & Flails
  4376 | Orc:4    | Received a gift from Trog
  4447 | Orc:4    | Noticed an orc knight
  4475 | Orc:4    | Killed an orc knight
  4539 | Orc:4    | Noticed an orc knight
  4556 | Orc:4    | Killed an orc knight
  4585 | Orc:4    | Reached XP level 12. HP: 31/73 MP: 16/16
  4603 | Orc:4    | Noticed an orc high priest
  4665 | Orc:4    | Noticed an orc warlord
  4676 | Orc:4    | Killed an orc warlord
  4678 | Orc:4    | Killed an orc high priest
  4679 | Orc:4    | Reached skill level 14 in Maces & Flails
  4714 | Orc:4    | Noticed an orc knight
  4729 | Orc:4    | Killed an orc knight
  4754 | Orc:4    | Found a roughly hewn altar of Beogh.
  4761 | Orc:4    | Paralysed by an orc sorcerer for 3 turns
  4767 | Orc:4    | Found Zyedeef's Antique Weapon Boutique.
  4793 | Orc:4    | Found Rurchiacy's Book Boutique.
  4809 | Orc:4    | Found Enyfaen's Antique Armour Boutique.
  4826 | Orc:4    | Found Vyfu's General Store.
  4833 | Orc:4    | Bought a scroll of recharging for 142 gold pieces
  4833 | Orc:4    | wasted
  4915 | Elf:1    | Entered Level 1 of the Elven Halls
  4923 | Elf:1    | Killed a deep elf demonologist
  4999 | Orc:3    | Found a roughly hewn altar of Beogh.
  5012 | Orc:2    | Found a roughly hewn altar of Beogh.
  5062 | Elf:1    | Noticed Nikola
  5074 | Elf:1    | Killed Nikola
  5289 | Elf:1    | Noticed a deep elf death mage
  5293 | Elf:1    | Reached skill level 15 in Maces & Flails
  5308 | Elf:1    | Killed a deep elf death mage
  5308 | Elf:1    | Received a gift from Trog
  5404 | Elf:2    | Reached XP level 13. HP: 78/78 MP: 17/17
  5424 | Elf:3    | Entered Level 3 of the Elven Halls
  5478 | Elf:3    | Noticed a deep elf annihilator
  5483 | Elf:3    | Killed a deep elf annihilator
  5582 | Elf:3    | Gained mutation: You can breathe flames. [mutagenic meat]
  5583 | Elf:3    | Gained mutation: You have supernaturally acute eyesight. [mutagenic meat]
  5714 | Elf:3    | Found Jezoroto's Gadget Shop.
  5753 | Elf:3    | Noticed a deep elf demonologist
  5762 | Elf:3    | Noticed a deep elf demonologist
  5766 | Elf:3    | Killed a deep elf demonologist
  5766 | Elf:3    | Reached skill level 16 in Maces & Flails
  5771 | Elf:3    | Noticed a deep elf blademaster
  5775 | Elf:3    | Killed a deep elf demonologist
  5780 | Elf:3    | Noticed a deep elf blademaster
  5788 | Elf:3    | Killed a deep elf blademaster
  5789 | Elf:3    | Killed a deep elf blademaster
  5805 | Elf:3    | Noticed a deep elf sorcerer
  5806 | Elf:3    | Killed a deep elf sorcerer
  5836 | Elf:3    | Noticed a deep elf sorcerer
  5847 | Elf:3    | Noticed a deep elf sorcerer
  5849 | Elf:3    | Killed a deep elf sorcerer
  5853 | Elf:3    | Killed a deep elf sorcerer
  5907 | Elf:3    | Noticed a deep elf sorcerer
  5928 | Elf:3    | Killed a deep elf sorcerer
  5935 | Elf:3    | Noticed a deep elf annihilator
  5940 | Elf:3    | Killed a deep elf annihilator
  5971 | Elf:3    | Got a heavily runed pewter ring
  5973 | Elf:3    | Identified the ring of Xapsa {SustAt rPois Int+10 Slay-3 Stlth-} (You took it off a deep elf high priest on level 3 of the Elven Halls)
  5974 | Elf:3    | Noticed a deep elf annihilator
  5990 | Elf:3    | Killed a deep elf annihilator
  5990 | Elf:3    | Reached skill level 17 in Maces & Flails
  6042 | Elf:3    | Noticed a deep elf sorcerer
  6063 | Elf:3    | Killed a deep elf sorcerer
  6098 | Elf:3    | Noticed a deep elf demonologist
  6111 | Elf:3    | Killed a deep elf demonologist
  6111 | Elf:3    | Gained mutation: Your large and strong wings let you fly indefinitely. [Gargoyle growth]
  6111 | Elf:3    | Reached XP level 14. HP: 84/84 MP: 18/18
  6128 | Elf:3    | Noticed a deep elf demonologist
  6146 | Elf:3    | Killed a deep elf demonologist
  6147 | Elf:3    | Noticed a deep elf annihilator
  6148 | Elf:3    | Killed from afar by a deep elf annihilator

Vault maps used:
D:1:      dpeg_arrival_renting, serial_glass, glass_columns_a, glass_columns_a
D:2:      grunt_temple_overflow_open, minmay_bisected
D:3:      kennysheep_the_goblin_king, uniq_terence, uniq_crazy_yiuf_cottage
D:4:      minmay_temple_entry_oklob, serial_shops, nicolae_shop_trees,
          uniq_eustachio, uniq_robin
D:5:      serial_shops, shop_fountains, shop, shop, first_bread, uniq_edmund,
          uniq_duvessa
D:6:      ashenzari_conservatory_becter, kennysheep_pointless_box,
          grunt_ministairs_15, kennysheep_windowed_goal, uniq_menkaure,
          uniq_grinder
D:7:      kennysheep_big_flooded_room, nicolae_overflow_hidden_temple,
          old_standard_altar
D:8:      serial_shops, nicolae_shop_stone, nicolae_shop_trees,
          nicolae_shop_behind_doors, nicolae_shop_trees, uniq_psyche
D:9:      lemuel_mausoleum_altar_kikubaaqudgha, kennysheep_little_box,
          serial_shops, kennysheep_mini_moat, st_stairs_9, minivault_12,
          uniq_erica
D:11:     erik_lair_island, serial_shops, shop
Orc:1:    uniq_erolcha, uniq_maurice
Orc:2:    basic_altar, trog_book
Orc:3:    nicolae_orc_pool_cavern, lemuel_statue_altar
Orc:4:    grunt_orc_cross
Elf:1:    minmay_elf_arrival_circle, hangedman_corner_corridor,
          lemuel_flamethrower_hall, uniq_nikola, uniq_aizul
Elf:2:    serial_shops, nicolae_shop_temple_entry_statues_fountains,
          basic_stair_grate_trap
Elf:3:    nooodl_elf_gasket, serial_shops, nicolae_shop_waterfront,
          corexii_checkpoint_a

Action                   |  1- 3 |  4- 6 |  7- 9 | 10-12 | 13-15 || total
-------------------------+-------+-------+-------+-------+-------++-------
Melee: Mace              |    56 |    42 |       |       |       ||    98
       Flail             |       |    82 |   187 |   598 |       ||   867
       Morningstar       |       |       |    36 |       |       ||    36
       Great mace        |       |       |       |   226 |   108 ||   334
Invok: Berserk           |     4 |     7 |     5 |    21 |     5 ||    42
       Trog's Hand       |       |     4 |     2 |    18 |     5 ||    29
       Brothers in Arms  |       |       |       |     4 |     2 ||     6
Evoke: Wand              |       |       |     1 |       |       ||     1
  Use: Potion            |     1 |     1 |       |       |       ||     2
       Scroll            |       |     2 |     2 |     5 |     3 ||    12
 Stab: Sleeping          |       |       |     1 |       |       ||     1
  Eat: Chunk             |     1 |    10 |    11 |    35 |     5 ||    62
       Pizza             |       |       |       |     1 |     1 ||     2
       Royal jelly       |       |       |       |       |     2 ||     2
       Beef jerky        |       |       |       |       |     1 ||     1
